 Dungeon Crawl Stone Soup version 0.18.1-48-g4cf74bf (webtiles) character file.

10742 alexandrvrp the Shield-Bearer (level 11, -2/84 HPs)
             Began as a Demonspawn Fighter on June 26, 2016.
             Was an Elder of Okawaru.
             Slain by a shadow (18 damage)
             ... on level 12 of the Dungeon.
             The game lasted 01:08:37 (14373 turns).

alexandrvrp the Shield-Bearer (Demonspawn Fighter) Turns: 14373, Time: 01:08:38

Health: -2/84      AC: 12    Str: 25    XL:     11   Next: 40%
Magic:  21/21      EV: 14    Int:  9    God:    Okawaru [****..]
Gold:   720        SH:  9    Dex: 13    Spells: 2 memorised, 11 levels left

rFire  + . .     SeeInvis .     z - +1 long sword (slice)
rCold  + + .     Gourm    .     F - +0 troll leather armour
rNeg   . . .     Faith    .     T - +3 buckler "Keg Upri" {rElec rC+ MR+}
rPois  .         Spirit   .     G - +0 Maxwell's etheric cage {RegenMP+ *Contam rElec MP+4}
rElec  +         Dismiss  .     x - +0 cloak
rCorr  .         Reflect  .     y - +2 pair of gloves
SustAt .         Harm     .     H - +1 pair of boots
MR     +....                    l - amulet of rage
Stlth  +.........               n - ring of protection from fire
                                g - ring of protection from cold

@: mighty, about to teleport, corroded, very slightly contaminated, somewhat
resistant to hostile enchantments, very unstealthy
A: talons 1, molten scales 2, powered by death 2, powered by pain 1
a: Heroism, Renounce Religion, Evoke Berserk Rage


You were on level 12 of the Dungeon.
You worshipped Okawaru.
Okawaru was greatly pleased with you.
You were full.

You visited 2 branches of the dungeon, and saw 13 of its levels.
You also visited: Labyrinth and Ossuary.

You collected 720 gold pieces.

Inventory:

Hand Weapons
 i - the +3 Elemental Staff {rElec rF++ rC++ MR++ AC+5}
   (You found it in a labyrinth)

   It affects your AC (+5).
   It greatly protects you from fire.
   It greatly protects you from cold.
   It insulates you from electricity.
   It affects your resistance to hostile enchantments.
 q - a +0 shortbow
 z - a +1 long sword of slicing (weapon)
 J - a +0 long sword of holy wrath
Missiles
 r - 160 arrows
Armour
 b - a mottled dragon hide
 c - a +1 shield
 x - a +0 cloak (worn)
 y - a +2 pair of gloves (worn)
 F - a +0 troll leather armour (worn)
 G - the +0 Maxwell's etheric cage (worn) {RegenMP+ *Contam rElec MP+4}
   (You found it on level 5 of the Dungeon)

   It insulates you from electricity.
   It affects your magic capacity (+4).
   It causes magical contamination when unequipped.
 H - a +1 pair of boots (worn)
 T - the +3 buckler "Keg Upri" (worn) {rElec rC+ MR+}
   (You found it on level 11 of the Dungeon)

   It protects you from cold.
   It insulates you from electricity.
   It affects your resistance to hostile enchantments.
Rods
 O - a +0 rod of ignition (9/9)
   (You found it on level 10 of the Dungeon)
Jewellery
 a - an uncursed ring of poison resistance {unknown}
 g - a ring of protection from cold (left hand)
 l - an amulet of rage (around neck)
 n - a ring of protection from fire (right hand)
 A - a +4 ring of intelligence
 C - an uncursed ring of resist corrosion
Wands
 k - a wand of teleportation (5/9)
 D - a wand of hasting (3/9)
 E - a wand of confusion (18/48)
 K - a wand of paralysis (5/24)
 L - a wand of lightning (7/15)
 M - a wand of slowing (33/48)
 Q - a wand of digging (14/24)
 W - a wand of confusion (18/48)
 Y - a wand of lightning (8/15)
Scrolls
 d - 10 scrolls of identify
 e - 3 scrolls of magic mapping
 h - a scroll of enchant armour
 m - 3 scrolls of noise
 p - 2 scrolls of enchant weapon
 t - 3 scrolls of recharging
 u - 2 scrolls of remove curse
 B - a scroll of amnesia
 N - a scroll of immolation {unknown}
 P - a scroll of random uselessness {unknown}
Potions
 j - 2 potions of lignification
Books
 s - a book of Party Tricks

   Spells                             Type                      Level
   a - Summon Butterflies             Summoning                    1
   b - Apportation                    Translocation                1
   c - Tukima's Dance                 Hexes                        3
   d - Alistair's Intoxication        Transmutation/Poison         5
   e - Invisibility                   Hexes                        6
 v - a book of Changes

   Spells                             Type                      Level
   a - Beastly Appendage              Transmutation                1
   b - Sticks to Snakes               Transmutation                2
   c - Spider Form                    Transmutation/Poison         3
   d - Ice Form                       Ice/Transmutation            4
   e - Blade Hands                    Transmutation                5
 I - a book of Power

   Spells                             Type                      Level
   a - Fulminant Prism                Conjuration/Hexes            4
   b - Iskenderun's Mystic Blast      Conjuration                  4
   c - Venom Bolt                     Conjuration/Poison           5
   d - Bolt of Magma                  Conjuration/Fire/Earth       5
   e - Iron Shot                      Conjuration/Earth            6
   f - Orb of Destruction             Conjuration                  7
   g - Spellforged Servitor           Conjuration/Summoning        7
 U - a book of Spatial Translocations

   Spells                             Type                      Level
   a - Apportation                    Translocation                1
   b - Blink                          Translocation                2
   c - Shroud of Golubria             Charms/Translocation         2
   d - Portal Projectile              Translocation                3
   e - Teleport Other                 Translocation                3
   f - Passage of Golubria            Translocation                4
 X - a book of Cantrips

   Spells                             Type                      Level
   a - Corona                         Hexes                        1
   b - Animate Skeleton               Necromancy                   1
   c - Summon Small Mammal            Summoning                    1
   d - Apportation                    Translocation                1
 Z - a book of Alchemy

   Spells                             Type                      Level
   a - Sublimation of Blood           Necromancy                   2
   b - Ignite Poison                  Fire/Transmutation/Poison    3
   c - Petrify                        Transmutation/Earth          4
   d - Alistair's Intoxication        Transmutation/Poison         5
   e - Irradiate                      Conjuration/Transmutation    5
Miscellaneous
 w - a crystal ball of energy
Comestibles
 f - 8 bread rations


   Skills:
 + Level 7.3 Fighting
 * Level 7.6 Long Blades
 * Level 7.6 Armour
 * Level 6.8 Dodging
 * Level 7.7 Shields
 + Level 4.5 Spellcasting
 - Level 2.2 Conjurations
 - Level 0.8 Fire Magic
 - Level 2.4 Earth Magic


You had 11 spell levels left.
You knew the following spells:

 Your Spells              Type           Power        Failure   Level  Hunger
a - Bolt of Magma         Conj/Fire/Erth #.........   100%        5    ######.
b - Mephitic Cloud        Conj/Pois/Air  #.......     75%         3    ###....


Dungeon Overview and Level Annotations

Branches:
Dungeon (12/15)            Temple (1/1) D:7            Lair (0/8) D:11
    Orc (0/2) D:12

Altars:
Ashenzari
Cheibriados
Dithmenos
Elyvilon
Fedhas
Gozag
Kikubaaqudgha
Makhleb
Nemelex Xobeh
Okawaru
Pakellas
Qazlal
Ru
Sif Muna
Trog
Vehumet
Xom
Yredelemnul
Zin
The Shining One

Shops:
D:10 *

Annotations:
D:6 Malvoorn's ghost, novice DrWz


Innate Abilities, Weirdness & Mutations

You have sharp toenails.
You are mostly covered in molten scales (AC +3, EV -1).
You regenerate health from kills.
You sometimes gain a little power by taking damage.


Message History

You slash the jelly!
You kill the jelly!
Okawaru accepts your kill.
The shadow slips into darkness.
The shadow flickers and vanishes!
Deactivating autopickup; reactivate with Ctrl-A.
The shadow strikes at you from the darkness!
* * * LOW HITPOINT WARNING * * *
Reactivating autopickup.
Drink which item? (? for menu, Esc to quit)
Okay, then.
Read which item? (? for menu, Esc to quit)
As you read the scroll of teleportation, it crumbles to dust.
You feel strangely unstable.
The shadow slips into darkness.
The shadow flickers and vanishes!
Deactivating autopickup; reactivate with Ctrl-A.
You barely miss something.
The shadow strikes at you from the darkness!
You die...

#..........ยง....#)# #.##....##.
#.8%......W..)8.#.# #.##....##.
#.........(.....#.# #.##....###
#....$..()....##.# #.##....#
##...8..$8...##..# #.####### .
##.........##..## #.#
#..###((...###..## ###.####
#...###C###...#####.....<######
#..........{@................
########+#..#####...............
............## #.##.#.#########
[............# #.##.#.#
.............# #....#.#
########'##..## ######.#
#.##...########'####
########'##.#.##..........#
##..............+..........#


You could see a cyclops.

Vanquished Creatures
  A minotaur (Lab)
  A hill giant (D:11)
  A gargoyle (D:12)
  A troll (D:9)
  A two-headed ogre (D:9)
  A redback (Lab)
  A wyvern (D:10)
  6 yaks (D:11)
  2 hippogriffs
  7 hungry ghosts
  A mottled dragon (D:11)
  A water moccasin (D:3)
  4 sky beasts
  3 orc warriors
  A necrophage (D:9)
  3 ice beasts
  A black bear (D:9)
  7 ogres
  5 centaurs
  A phantom (D:8)
  9 big kobolds
  6 giant frogs
  2 water moccasin zombies (Ossuary)
  2 scorpions
  A killer bee (D:12)
  2 howler monkeys (D:9)
  5 wights (D:9)
  An electric eel (D:9)
  A giant frog zombie (D:8)
  2 crimson imps
  7 orc priests
  3 centaur zombies
  A quasit (D:8)
  7 hounds
  5 jellies
  Crazy Yiuf (D:2)
  10 orc wizards
  3 giant frog skeletons
  A centaur skeleton (D:4)
  6 iguanas
  10 worker ants
  A killer bee zombie (D:7)
  5 big kobold zombies (Ossuary)
  2 mummies (Ossuary)
  2 howler monkey skeletons
  8 gnolls
  16 adders
  6 oozes
  2 adder skeletons
  5 adder zombies
  3 worms
  3 dart slugs
  A giant gecko (D:3)
  45 orcs
  3 ball pythons
  3 bats (D:3)
  8 giant cockroaches
  7 goblins
  7 hobgoblins
  16 jackals
  2 quokkas
  A giant gecko zombie (D:8)
  6 giant newts
  3 gnoll zombies (Ossuary)
  6 hobgoblin zombies (Ossuary)
  54 kobolds
  9 kobold zombies (Ossuary)
  3 orc zombies (Ossuary)
  17 rats
378 creatures vanquished.

Notes
Turn   | Place    | Note
--------------------------------------------------------------
     0 | D:1      | alexandrvrp the Demonspawn Fighter began the quest for the Orb.
     0 | D:1      | Reached XP level 1. HP: 18/18 MP: 1/1
   136 | D:1      | Gained mutation: You are partially covered in molten scales (AC +1). [demonic ancestry]
   136 | D:1      | Reached XP level 2. HP: 3/24 MP: 2/2
   999 | D:1      | Reached XP level 3. HP: 29/29 MP: 3/3
  1567 | D:2      | Noticed Crazy Yiuf
  1575 | D:2      | Killed Crazy Yiuf
  1575 | D:2      | Gained mutation: You regenerate a little health from kills. [demonic ancestry]
  1575 | D:2      | Reached XP level 4. HP: 16/35 MP: 3/5
  2045 | D:3      | Found a faded altar to an unknown god.
  2062 | D:3      | Reached skill level 1 in Spellcasting
  2134 | D:3      | Reached XP level 5. HP: 41/41 MP: 6/6
  2235 | D:3      | Noticed a water moccasin
  2244 | D:3      | Killed a water moccasin
  2244 | D:3      | Reached skill level 1 in Dodging
  2452 | D:3      | Reached XP level 6. HP: 48/48 MP: 8/8
  2971 | D:4      | Found a sand-covered staircase.
  2976 | Ossuary  | Entered an ossuary
  3140 | Ossuary  | Gained mutation: You are mostly covered in molten scales (AC +3, EV -1). [demonic ancestry]
  3140 | Ossuary  | Reached XP level 7. HP: 52/54 MP: 9/9
  4346 | D:5      | Entered Level 5 of the Dungeon
  4497 | D:5      | Gained mutation: You have sharp toenails. [demonic ancestry]
  4497 | D:5      | Reached XP level 8. HP: 38/61 MP: 11/11
  4678 | D:5      | Reached skill level 5 in Fighting
  4842 | D:5      | Found a shadowy altar of Dithmenos.
  5211 | D:6      | Reached skill level 5 in Armour
  5254 | D:6      | Learned a level 5 spell: Bolt of Magma
  5288 | D:6      | Found a burning altar of Makhleb.
  5299 | D:6      | Found an ancient bone altar of Kikubaaqudgha.
  5525 | D:6      | Noticed Malvoorn's ghost (novice DrWz)
  5833 | D:6      | Reached skill level 1 in Earth Magic
  6250 | D:6      | Reached skill level 1 in Conjurations
  6354 | D:6      | Reached skill level 5 in Long Blades
  6426 | D:6      | Reached skill level 5 in Shields
  6647 | D:6      | Gained mutation: You regenerate health from kills. [demonic ancestry]
  6647 | D:6      | Reached XP level 9. HP: 68/68 MP: 13/13
  7659 | D:7      | Learned a level 3 spell: Mephitic Cloud
  7696 | D:7      | Found a staircase to the Ecumenical Temple.
  7903 | Temple   | Entered the Ecumenical Temple
  7977 | Temple   | Became a worshipper of Warmaster Okawaru
  8447 | D:8      | Reached * piety under Okawaru
  8460 | D:8      | Found a deep blue altar of Sif Muna.
  9315 | D:9      | Noticed a troll
  9336 | D:9      | Killed a troll
  9336 | D:9      | Gained mutation: You sometimes gain a little power by taking damage. [demonic ancestry]
  9336 | D:9      | Reached XP level 10. HP: 24/77 MP: 15/15
  9837 | D:9      | Reached skill level 5 in Dodging
  9847 | D:9      | Reached ** piety under Okawaru
 10392 | D:10     | Entered Level 10 of the Dungeon
 10891 | D:10     | Found Voklarig's Assorted Antiques.
 11210 | D:11     | Noticed a hill giant
 11228 | D:11     | Killed a hill giant
 11289 | D:11     | Reached *** piety under Okawaru
 11533 | D:11     | Got a bloodstained buckler
 11534 | D:11     | Identified the +3 buckler "Keg Upri" {rElec rC+ MR+} (You found it on level 11 of the Dungeon)
 11564 | D:11     | Found a staircase to the Lair.
 11813 | D:11     | Reached XP level 11. HP: 79/84 MP: 17/17
 11974 | D:11     | Reached **** piety under Okawaru
 12193 | D:12     | Found a staircase to the Orcish Mines.
 12264 | D:12     | Found a labyrinth entrance.
 12442 | Lab      | Entered a labyrinth
 14112 | Lab      | Noticed a minotaur
 14133 | Lab      | Killed a minotaur
 14138 | Lab      | Identified a +0 rod of ignition (9/9) (You found it on level 10 of the Dungeon)
 14373 | D:12     | Slain by a shadow

Skill      XL: |  1  2  3  4  5  6  7  8  9 10 |
---------------+-------------------------------+-----
Long Blades    | 2 3 4 5 7 |  7.6
Armour         | 3 4 5 6 7 |  7.6
Shields        | 3 4 5 6 7 |  7.7
Spellcasting   | 1 2 3 4 |  4.5
Dodging        | 1 2 3 4 6 |  6.8
Fighting       | 4 5 6 7 |  7.3
Earth Magic    | 2 |  2.4
Conjurations   | 1 2 |  2.2
Fire Magic     | |  0.8

Action                   |  1- 3 |  4- 6 |  7- 9 | 10-12 || total
-------------------------+-------+-------+-------+-------++-------
Melee: Long sword        |   123 |   228 |  1004 |   544 ||  1899
       Kick              |       |       |     5 |       ||     5
 Fire: Shortbow          |       |       |     2 |       ||     2
Invok: Heroism           |       |       |       |     3 ||     3
 Abil: Evoke Berserk Rag |       |       |       |     2 ||     2
  Use: Potion            |     1 |       |    24 |     4 ||    29
       Scroll            |       |     1 |    12 |     7 ||    20
 Stab: Invisible         |       |       |     9 |       ||     9
  Eat: Chunk             |     2 |     5 |     8 |     3 ||    18
       Royal jelly       |       |     1 |     3 |     7 ||    11
       Beef jerky        |       |     1 |       |     1 ||     2
       Meat ration       |       |       |     2 |     3 ||     5
       Fruit             |       |       |     3 |     4 ||     7
       Pizza             |       |       |       |     2 ||     2
       Bread ration      |       |       |       |     3 ||     3
Armor: Scale mail        |    73 |   113 |   713 |       ||   899
       Skin              |       |       |    14 |       ||    14
       Troll leather arm |       |       |       |   268 ||   268
Dodge: Dodged            |    30 |    74 |   435 |   310 ||   849
Block: Shield            |    59 |   129 |   678 |   271 ||  1137
       Buckler           |       |       |       |   101 ||   101
